 Dungeon Crawl Stone Soup version 0.22-b1-26-g9dbaab1 (webtiles) character file.

58 zishaf the Insei (level 3, 0/26 HPs)
             Began as a Vampire Transmuter on Aug 7, 2018.
             Succumbed to an adder's poison
             ... on level 2 of the Dungeon.
             The game lasted 00:02:36 (1467 turns).

zishaf the Insei (Vampire Transmuter)               Turns: 1467, Time: 00:02:36

Health: 0/26       AC:  2    Str: 10    XL:     3   Next: 76%
Magic:  6/6        EV: 13    Int: 15    God:
Gold:   56         SH:  0    Dex: 14    Spells: 5/6 levels left

rFire    . . .     SeeInvis +     - Unarmed
rCold    . . .     Gourm    .   (no shield)
rNeg     + . .     Faith    .   b - +0 robe
rPois    .         Spirit   .   (no helmet)
rElec    .         Reflect  .   (no cloak)
rCorr    .         Harm     .   (no gloves)
MR       .....                  (no boots)
Stlth    +.........             (no amulet)
HPRegen  0.08/turn              (no ring)
MPRegen  0.10/turn              (no ring)

@: lethally poisoned (0 -> -8)
A: fangs 3, see invisible, unbreathing
a: Bat Form


You were on level 2 of the Dungeon.
You were not thirsty.

You visited 1 branch of the dungeon, and saw 2 of its levels.

You collected 56 gold pieces.

Inventory:

Hand Weapons
 j - a +0 hand crossbow
Missiles
 a - 12 arrows
Armour
 b - a +0 robe (worn)
Scrolls
 c - a scroll of immolation {unknown}
 e - 2 scrolls of identify {unknown}
 f - a scroll of teleportation {unknown}
 h - a scroll of fear {unknown}
Potions
 d - 12 potions of blood
 g - a potion of invisibility {unknown}
 i - a potion of flight {unknown}


   Skills:
 + Level 1.5 Fighting
 + Level 2.8 Dodging
 + Level 0.3 Stealth
 + Level 3.7 Unarmed Combat
 - Level 2.0 Spellcasting
 * Level 3.3 Transmutations


You had 5 spell levels left.
You knew the following spells:

 Your Spells              Type           Power        Failure   Level  Hunger
a - Beastly Appendage     Tmut           ##....       6%          1    #......

Your spell library contained the following spells:

 Spells                   Type           Power        Failure   Level  Hunger
 Spider Form              Tmut/Pois      #.........   34%         3    ###....
 Blade Hands              Tmut           ##........   85%         5    ######.
 Ice Form                 Ice/Tmut       #.......     75%         4    #####..
 Sticks to Snakes         Tmut           ##......     9%          2    ###....


Dungeon Overview and Level Annotations

Branches:
Dungeon (2/15)

Altars:
Ashenzari


Innate Abilities, Weirdness & Mutations

You have razor-sharp teeth.
You have supernaturally acute eyesight. (SInv)
You can survive without breathing.


Message History

The adder is lightly wounded.
* * * LOW HITPOINT WARNING * * *
You feel sick. The adder misses you. The adder barely misses you.
You closely miss the adder.
The adder is lightly wounded.
* * * LOW HITPOINT WARNING * * *
You feel sick. The adder bites you but does no damage.
You closely miss the adder.
The adder is lightly wounded.
The adder closely misses you.
You miss the adder.
The adder is lightly wounded.
* * * LOW HITPOINT WARNING * * *
You feel sick. The adder bites you but does no damage.
You hit the adder but do no damage.
The adder is lightly wounded.
The adder bites you but does no damage. The adder barely misses you.
You hit the adder.
The adder is heavily wounded.
You die...

## .. .### ..# #S#
##### #@#
....##### #.#
........########.#
............†....#
.....##.##########
.....##.#
....###.# ....#
#.# ###.# ..#


You could see an adder.

Vanquished Creatures
  3 dart slugs
  A leopard gecko (D:1)
  4 giant cockroaches
  8 goblins
  6 hobgoblins (D:1)
  7 jackals (D:1)
  3 kobolds (D:1)
  A ball python (D:1)
  6 bats (D:1)
  2 frilled lizards
  4 rats
45 creatures vanquished.

Notes
Turn   | Place    | Note
-------+----------+-------------------------------------------
     0 | D:1      | zishaf the Vampire Transmuter began the quest for the Orb.
     0 | D:1      | Reached XP level 1. HP: 14/14 MP: 3/3
    11 | D:1      | Reached skill level 1 in Fighting
   138 | D:1      | Reached XP level 2. HP: 18/21 MP: 5/5
   269 | D:1      | Reached XP level 3. HP: 3/26 MP: 6/6
   570 | D:1      | Found a shattered altar of Ashenzari.
  1463 | D:2      | HP: 1/26 [poisoned by an adder]
  1467 | D:2      | Succumbed to an adder's poison

Skill      XL: |  1  2 |
---------------+-------+-----
Fighting       | 1 |  1.5
Transmutations | 3 |  3.3
Dodging        | |  2.8
Stealth        | |  0.3
Unarmed Combat | |  3.7
Spellcasting   | |  2.0

Action                   || total
-------------------------++-------
Melee: Unarmed           ||   179
       Punch             ||     1
       Bite              ||     8
  Use: Potion            ||     4
 Stab: Sleeping          ||     3
Armor: Robe              ||    43
Dodge: Dodged            ||   119
